 Dungeon Crawl Stone Soup version 0.21-a0-216-g6d3fd91 (webtiles) character file.

63 Dustman the Skirmisher (level 4, -1/40 HPs)
             Began as a Ghoul Abyssal Knight on Aug 23, 2017.
             Was a Believer of Lugonu.
             Slain by Natasha (8 damage)
             ... on level 3 of the Dungeon.
             The game lasted 00:07:09 (759 turns).

Dustman the Skirmisher (Ghoul Abyssal Knight)        Turns: 759, Time: 00:07:10

Health: -1/40      AC:  3    Str: 16    XL:     4   Next: 10%
Magic:  4/4        EV: 11    Int:  7    God:    Lugonu [**....]
Gold:   29         SH:  0    Dex:  8    Spells: 3/3 levels left

rFire    + . .     SeeInvis .   a - +1 spear
rCold    + . .     Gourm    .   (no shield)
rNeg     + + +     Faith    .   b - +0 leather armour
rPois    ∞         Spirit   .   (no helmet)
rElec    .         Reflect  .   (no cloak)
rCorr    .         Harm     .   (no gloves)
MR       .....                  (no boots)
Stlth    +.........             (no amulet)
HPRegen  0.00/turn              i - ring of protection from fire
MPRegen  0.09/turn              (no ring)

@: rotting
A: rotting body, claws 1, carnivore 3, cold resistance 1, negative energy
resistance 3, inhibited regeneration, torment resistance, unbreathing
a: Depart the Abyss, Bend Space, Renounce Religion


You were on level 3 of the Dungeon.
You worshipped Lugonu.
Lugonu was pleased with you.
You were not hungry.

You visited 1 branch of the dungeon, and saw 3 of its levels.
You visited the Abyss 1 time.

You collected 29 gold pieces.

Inventory:

Hand Weapons
 a - a +1 spear (weapon)
Armour
 b - a +0 leather armour (worn)
 d - a +0 shield
Jewellery
 i - a ring of protection from fire (left claw)
Scrolls
 e - a scroll of remove curse {unknown}
 f - 2 scrolls of recharging {unknown}
 g - a scroll of fear {unknown}
 k - a scroll of blinking {unknown}
 n - 3 scrolls of amnesia {unknown}
 o - a scroll of noise {unknown}
Potions
 j - a potion of heal wounds {unknown}
 l - a potion of brilliance {unknown}
 m - a potion of flight {unknown}
Comestibles
 c - a meat ration


   Skills:
 + Level 3.8 Fighting
 * Level 3.1 Polearms
 + Level 2.2 Armour
 - Level 0.8 Dodging
 - Level 2.0 Invocations


You had 3 spell levels left.
You didn't know any spells.

Dungeon Overview and Level Annotations

Branches:
Dungeon (3/15)

Altars:
Ashenzari
Cheibriados
Elyvilon
Fedhas
Gozag
Kikubaaqudgha
Uskayaw
Wu Jian
Yredelemnul

Annotations:
D:3 Natasha


Innate Abilities, Weirdness & Mutations

Your body is rotting away.
You thrive on raw meat.
You are immune to poison.
You have sharp fingernails.
You are carnivorous and can eat meat at any time.
Your flesh is cold resistant. (rC+)
You are immune to negative energy. (rN+++)
You do not regenerate when monsters are visible.
You are immune to unholy pain and torment.
You can survive without breathing.


Message History

Natasha is moderately wounded.
You hit Natasha.
Natasha is heavily wounded.
Natasha barely misses you.
You barely miss Natasha.
Natasha is heavily wounded.
Natasha claws you.
You hit Natasha.
Natasha is heavily wounded.
Natasha claws you.
You closely miss Natasha.
Natasha is heavily wounded.
You feel a little less agile now.
Natasha stares at you and mumbles some strange words.
The magic dart hits you!
* * * LOW HITPOINT WARNING * * *
You hit Natasha.
Natasha is almost dead.
Natasha claws you!
You die...

#.........#
#.........#
#.........##
#............
####.........#..
##$...........(.
......h.......#
#....@......#########
##..........##......##
#..........#........#
#.........#..........
#......÷.##..........
#.....#...#..........
### #
#......#..#......÷...
..#.#
#.........)..........
..#.#
.......###.#.......<.#


You could see Natasha.

Vanquished Creatures
  Natasha (D:3)
  2 adders (D:3)
  An orc (D:3)
  4 goblins
  2 hobgoblins (D:2)
  A quokka (D:3)
  A ball python (D:3)
  4 bats
  3 kobolds
  3 rats
22 creatures vanquished.

Notes
Turn   | Place    | Note
-------+----------+-------------------------------------------
     0 | Abyss:1  | Dustman the Ghoul Abyssal Knight began the quest for the Orb.
     0 | Abyss:1  | Reached XP level 1. HP: 19/19 MP: 1/1
   106 | D:1      | Escaped the Abyss
   176 | D:1      | You fall through a shaft!
   234 | D:2      | Found a white marble altar of Elyvilon.
   236 | D:2      | Found an opulent altar of Gozag.
   239 | D:2      | Found a blossoming altar of Fedhas.
   240 | D:2      | Found an ancient bone altar of Kikubaaqudgha.
   240 | D:2      | Found a basalt altar of Yredelemnul.
   240 | D:2      | Found a shattered altar of Ashenzari.
   240 | D:2      | Found a snail-covered altar of Cheibriados.
   242 | D:2      | Found an ornate altar of the Wu Jian Council.
   243 | D:2      | Found a hide-covered altar of Uskayaw.
   372 | D:2      | Reached XP level 2. HP: 23/25 MP: 2/2
   483 | D:3      | Noticed Natasha
   644 | D:3      | Reached XP level 3. HP: 16/29 MP: 3/3
   713 | D:3      | Killed Natasha
   730 | D:3      | Reached XP level 4. HP: 4/38 MP: 4/4
   731 | D:3      | Reached ** piety under Lugonu
   751 | D:3      | Noticed Natasha
   759 | D:3      | Slain by Natasha

Vault maps used:
D:1:      dpeg_arrival_signposts
D:2:      minitemple, chequers_ecumenical_altar_grove
D:3:      first_bread, uniq_natasha, uniq_robin

Skill      XL: |  1  2  3 |
---------------+----------+-----
Polearms       | 2 3 |  3.1
Armour         | 2 |  2.2
Fighting       | |  3.8
Dodging        | |  0.8
Invocations    | |  2.0

Action                   |  1- 3 |  4- 6 || total
-------------------------+-------+-------++-------
Melee: Spear             |    78 |     7 ||    85
  Use: Potion            |     1 |       ||     1
  Eat: Chunk             |       |     4 ||     4
Armor: Leather armour    |    11 |       ||    11
Dodge: Dodged            |    39 |     2 ||    41

Table legend:
 A = Spawn XP
 B = Non-spawn XP
 C = Spawn XP percentage of total XP
 D = Spawn monster count
 E = Non-spawn monster count
 F = Spawn count percentage of total count
 G = Total turns spent on level
                    A         B        C        D         E        F      G
               +---------+---------+-------+---------+---------+-------+---------
         Total |       0 |      91 |   0.0 |       0 |      22 |   0.0 |   759
               +---------+---------+-------+---------+---------+-------+---------
           D:1 |       0 |       4 |   0.0 |       0 |       4 |   0.0 |    70
           D:2 |       0 |      10 |   0.0 |       0 |       6 |   0.0 |   372
           D:3 |       0 |      77 |   0.0 |       0 |      12 |   0.0 |   211
               +---------+---------+-------+---------+---------+-------+---------
